 Dungeon Crawl Stone Soup version 0.23.2 (webtiles) character file.

Game seed: 738618980553633808

81 Kinoniko the Skirmisher (level 4, 0/37 HPs)
             Began as a Demonspawn Chaos Knight on Apr 4, 2019.
             Was a Plaything of Xom.
             Slain by a frilled lizard (3 damage)
             ... on level 2 of the Dungeon.
             The game lasted 00:03:06 (1403 turns).

Kinoniko the Skirmisher (Demonspawn Chaos Knight)   Turns: 1403, Time: 00:03:07

Health: 0/37       AC:  8    Str: 14    XL:     4   Next: 19%
Magic:  0/4        EV: 11    Int: 13    God:    Xom [..*...]
Gold:   63         SH:  0    Dex: 12    Spells: 3/3 levels left

rFire    . . .     SeeInvis .   a - +0 falchion (chaos)
rCold    + . .     Gourm    .   (no shield)
rNeg     . . .     Faith    .   b - +3 leather armour
rPois    .         Spirit   +   (no helmet)
rElec    .         Reflect  .   (no cloak)
rCorr    .         Harm     .   (no gloves)
MR       .....                  (no boots)
Stlth    +.........             (no amulet)
HPRegen  0.12/turn              (no ring)
MPRegen  0.09/turn              (no ring)

@: no status effects
A: yellow scales 1, cold resistance 1, magic shield
a: Renounce Religion


You were on level 2 of the Dungeon.
You worshipped Xom.
You were a toy of Xom.
You were not hungry.

You visited 1 branch of the dungeon, and saw 2 of its levels.

You collected 63 gold pieces.

Inventory:

Hand Weapons
 a - a +0 falchion of chaos (weapon)
Armour
 b - a +3 leather armour (worn)
Scrolls
 f - a scroll of remove curse
 h - a scroll of enchant armour
Potions
 d - a potion of curing {unknown}
 e - a potion of heal wounds
 g - a potion of berserk rage {unknown}
Comestibles
 c - 2 rations


   Skills:
 + Level 3.7 Fighting
 + Level 3.4 Long Blades
 * Level 2.4 Armour
 * Level 1.5 Dodging


You had 3 spell levels left.
You didn't know any spells.
Your spell library was empty.

Dungeon Overview and Level Annotations

Branches:
Dungeon (2/15)

Altars:
Fedhas


Innate Abilities, Weirdness & Mutations

You are partially covered in yellow scales. (AC +2)
Your flesh is cold resistant. (rC+)
When hurt, damage is shared between your health and your magic reserves.


Message History

You are too injured to fight recklessly!
You are too injured to fight recklessly!
You are too injured to fight recklessly!
You hit the gnoll.
The gnoll is almost dead.
You kill the gnoll!
The frilled lizard completely misses you.
The gnoll misses you.
You completely miss the gnoll. The gnoll closely misses you.
The frilled lizard bites you but does no damage.
The gnoll hits you from afar with a +0 spear!
* * * LOW HITPOINT WARNING * * *
You hit the gnoll but do no damage. The gnoll barely misses you.
The frilled lizard closely misses you.
The gnoll hits you from afar with a +0 spear.
* * * LOW HITPOINT WARNING * * *
The gnoll hits you with a +0 whip!
* * * LOW HITPOINT WARNING * * *
You completely miss the gnoll. The frilled lizard bites you.
You die...

#......... .#.##
.#.#.#.#..##.....
................#
.................
......$........#
..............### #
#####g........#.. .#
#.######g........#.###..
#......@l.#......#.#...#
.....####..#......#.#....
##. #..(#............._.
#...#........##.#...
#....####.....##.##..
⌠..#+# .⌠......##....#
... ...#.....#####). #.
...#####.## #÷# ... ..#
#.#


You could see 2 gnolls and a frilled lizard.

Vanquished Creatures
  5 gnolls (D:2)
  An adder (D:2)
  2 giant cockroaches
  4 hobgoblins
  3 jackals (D:2)
  A ball python (D:1)
  A bat (D:2)
  4 frilled lizards
  A goblin (D:1)
  4 kobolds (D:1)
  A rat (D:1)
27 creatures vanquished.

Notes
Turn   | Place    | Note
-------+----------+-------------------------------------------
     0 | D:1      | Kinoniko the Demonspawn Chaos Knight began the quest for
                  | the Orb.
     0 | D:1      | Reached XP level 1. HP: 18/18 MP: 1/1
   579 | D:1      | XOM: harmless Hex miscast
   770 | D:1      | Gained mutation: Your flesh is cold resistant. (rC+)
                  | [demonic ancestry]
   770 | D:1      | Reached XP level 2. HP: 15/24 MP: 2/2
   830 | D:1      | Reached skill level 1 in Dodging
   887 | D:1      | XOM: divination: magic mapping
  1129 | D:2      | Found a blossoming altar of Fedhas.
  1141 | D:2      | Gained mutation: You are partially covered in yellow
                  | scales. (AC +2) [demonic ancestry]
  1141 | D:2      | Reached XP level 3. HP: 29/29 MP: 3/3
  1197 | D:2      | Gained mutation: When hurt, damage is shared between your
                  | health and your magic reserves. [demonic ancestry]
  1197 | D:2      | Reached XP level 4. HP: 17/37 MP: 4/4
  1385 | D:2      | XOM: confuse monster(s)
  1403 | D:2      | Slain by a frilled lizard

Skill      XL: |  1  2 |
---------------+-------+-----
Dodging        | 1 |  1.5
Armour         | 2 |  2.4
Long Blades    | 3 |  3.4
Fighting       | |  3.7

Action                   |  1- 3 |  4- 6 || total
-------------------------+-------+-------++-------
Melee: Falchion          |    57 |     9 ||    66
  Use: Scroll            |     5 |       ||     5
 Stab: Paralysed         |     2 |       ||     2
       Petrifying        |     1 |       ||     1
  Eat: Ration            |       |     1 ||     1
Armor: Leather armour    |    18 |     4 ||    22
Dodge: Dodged            |    40 |    13 ||    53
       Rpst.: Falchion   |    18 |     1 ||    19
